 Dungeon Crawl Stone Soup version 0.29.1-15-g9cfb28693d (webtiles) character file.

Game seed: 627985380066644758

6167 dudediamond6 the Cleaver (level 10, -10/88 HPs)
             Began as a Hill Orc Fighter on Feb 27, 2023.
             Was an Elder of Okawaru.
             Mangled by a boulder beetle (20 damage)
             ... on level 9 of the Dungeon.
             The game lasted 00:18:34 (11785 turns).

dudediamond6 the Cleaver (Hill Orc Fighter)        Turns: 11785, Time: 00:18:34

Health: -10/88     AC: 12    Str: 24    XL:     10   Next: 90%
Magic:  8/12       EV:  8    Int:  8    God:    Okawaru [****..]
Gold:   555        SH:  5    Dex: 10    Spells: 9/9 levels left

rFire   + + .      SeeInvis .   a - +0 war axe
rCold   . . .      Faith    .   c - +0 buckler
rNeg    + . .      Spirit   .   E - +0 chain mail {rF+}
rPois   .          Reflect  .   (no helmet)
rElec   .          Harm     .   (no cloak)
rCorr   .          Rampage  .   (no gloves)
Will    .....                   q - +0 pair of boots
Stlth   ..........              J - amulet of the acrobat
HPRegen 0.24/turn               h - ring of positive energy
MPRegen 0.13/turn               l - ring of protection from fire

@: no status effects
A: no striking features
a: Renounce Religion, Heroism, Finesse


You were on level 9 of the Dungeon.
You worshipped Okawaru.
Okawaru was greatly pleased with you.
You visited 1 branch of the dungeon, and saw 9 of its levels.

You collected 555 gold pieces.

Inventory:

Hand Weapons
 a - a +0 war axe (weapon)
 e - the +9 rapier "Syox" {flame, Fly rElec SInv}
   (You found it on level 8 of the Dungeon)

   It burns those it strikes, dealing additional fire damage.
   rElec:     It insulates you from electricity.
   SInv:      It lets you see invisible.
   Fly:       It grants you flight.
 G - a +0 battleaxe
Armour
 c - a +0 buckler (worn)
 q - a +0 pair of boots (worn)
 E - a +0 chain mail of fire resistance (worn)
Jewellery
 b - a ring of positive energy
 g - a ring of protection from cold
 h - a ring of positive energy (left hand)
 l - a ring of protection from fire (right hand)
 o - an amulet of guardian spirit
 A - an amulet of magic regeneration
 I - a ring of protection from fire
 J - an amulet of the acrobat (around neck)
Wands
 y - a wand of paralysis (19)
 F - a wand of quicksilver (3) (quivered)
Scrolls
 j - 2 scrolls of enchant weapon
 k - 2 scrolls of teleportation
 m - a scroll of immolation
 t - a scroll of silence {unknown}
 v - a scroll of poison {unknown}
 w - 4 scrolls of magic mapping
 x - 2 scrolls of blinking {unknown}
 z - a scroll of amnesia {unknown}
 B - 2 scrolls of butterflies
 H - a scroll of acquirement {unknown}
 K - 2 scrolls of identify
 L - a scroll of vulnerability {unknown}
Potions
 d - a potion of might
 f - a potion of degeneration {unknown}
 i - 2 potions of magic {unknown}
 n - a potion of experience {unknown}
 p - 3 potions of flight
 r - 2 potions of lignification {unknown}
 s - 2 potions of attraction {unknown}
 u - 2 potions of mutation {unknown}
 C - a potion of brilliance {unknown}
 D - a potion of haste {unknown}


   Skills:
 + Level 8.3 Fighting
 + Level 14.3 Axes
 + Level 9.3 Armour
 - Level 1.0 Dodging
 + Level 6.5 Shields
 + Level 0.3 Ice Magic
 + Level 3.1 Invocations
 + Level 0.6 Evocations


You had 9 spell levels left.
You didn't know any spells.
Your spell library contained the following spells:

 Spells                   Type           Power      Damage    Failure   Level
 Sandblast                Erth           0%         2d4       97%         1
 Shock                    Conj/Air       0%         1d3       97%         1
 Passwall                 Tmut/Erth      0%         N/A       99%         2
 Ignite Poison            Fire/Tmut/Pois 0%         N/A       100%        3
 Mephitic Cloud           Conj/Pois/Air  0%         N/A       100%        3
 Stone Arrow              Conj/Erth      0%         3d7       100%        3
 Swiftness                Air            0%         N/A       100%        3
 Airstrike                Air            0%         2d(0-16)  100%        4
 Fulminant Prism          Conj/Hex       0%         3d6       100%        4
 Iskenderun's Mystic Bla  Conj/Tloc      0%         2d3       100%        4
 Alistair's Intoxication  Tmut/Pois      0%         N/A       100%        5
 Borgnjor's Vile Clutch   Necr/Erth      0%         N/A       100%        5
 Freezing Cloud           Conj/Ice/Air   0%         6-21      100%        5
 Lee's Rapid Deconstruct  Erth           0%         3d5*      100%        5
 Eringya's Noxious Bog    Tmut/Pois      0%         N/A       100%        6


Dungeon Overview and Level Annotations

Branches:
Dungeon (9/15)             Temple (0/1) D:7
   Lair: D:8-11         Orc: D:9-12

Altars:
Ashenzari
Gozag
Okawaru
Uskayaw
Yredelemnul


Message History

You hit the boulder beetle but do no damage.
The boulder beetle is lightly wounded.
The boulder beetle bites you.
* * * LOW HITPOINT WARNING * * *
You hit the boulder beetle but do no damage.
The boulder beetle is lightly wounded.
The boulder beetle bites you.
* * * LOW HITPOINT WARNING * * *
You barely miss the boulder beetle.
The boulder beetle is lightly wounded.
You feel like a meek peon again. The boulder beetle bites you!
* * * LOW HITPOINT WARNING * * *
You slash the boulder beetle!
The boulder beetle is moderately wounded.
You barely miss the boulder beetle.
The boulder beetle is moderately wounded.
The boulder beetle closely misses you.
You completely miss the boulder beetle.
The boulder beetle is moderately wounded.
The boulder beetle barely misses you.
You slash the boulder beetle!
The boulder beetle is moderately wounded.
The boulder beetle bites you.
* * * LOW HITPOINT WARNING * * *
You hit the boulder beetle but do no damage.
The boulder beetle is moderately wounded.
You slash the boulder beetle!
The boulder beetle is heavily wounded.
The boulder beetle bites you but does no damage.
You hit the boulder beetle but do no damage.
The boulder beetle is heavily wounded.
You block the boulder beetle's attack.
You hit the boulder beetle.
The boulder beetle is heavily wounded.
You block the boulder beetle's attack.
You slash the boulder beetle!
The boulder beetle is heavily wounded.
The boulder beetle bites you!!
You die...

#.# #.#(.
#.#..
#.#..
#.#'###
#.#...###
#.#.....##
#.#.......
#@B...⌠...
###.......
.....##
B..###
####


You could see a boulder beetle.

Vanquished Creatures
  A manticore (D:8)
  An unseen horror (D:8)
  A komodo dragon (D:8)
  2 slime creatures (D:9)
  2 wyverns (D:9)
  A wraith (D:8)
  3 yaks (D:8)
  3 sky beasts
  2 black bears
  An ice beast (D:6)
  2 orc warriors
  5 centaurs
  4 kobold brigands
  4 necrophages
  4 bullfrogs
  2 scorpions (D:5)
  7 wights
  11 killer bees (D:8)
  2 jellies (D:4)
  5 orc priests
  3 gnoll boudas
  8 hounds
  5 iguanas
  5 orc wizards
  A hound zombie (D:3)
  11 gnolls
  9 adders
  A shadow imp (D:7)
  2 white imps (D:6)
  An ufetubus (D:6)
  3 worms
  16 orcs
  3 ball pythons
  3 bats
  7 endoplasms
  2 giant cockroaches
  8 goblins
  9 hobgoblins
  2 jackals (D:1)
  3 quokkas
  4 frilled lizards
  A giant cockroach zombie (D:3)
  23 kobolds
  3 rats
196 creatures vanquished.

Notes
Turn   | Place    | Note
-------+----------+-------------------------------------------
     0 | D:1      | dudediamond6 the Hill Orc Fighter began the quest for the
                  | Orb.
     0 | D:1      | Reached XP level 1. HP: 19/19 MP: 1/1
     4 | D:1      | Found a faded altar of an unknown god.
    34 | D:1      | Reached skill level 3 in Axes
   229 | D:1      | Reached XP level 2. HP: 16/26 MP: 2/2
   419 | D:1      | Reached skill level 4 in Axes
   854 | D:2      | Reached XP level 3. HP: 31/31 MP: 3/3
  1042 | D:2      | Reached skill level 5 in Axes
  1241 | D:2      | Found a broken altar of Ashenzari.
  1467 | D:2      | Reached XP level 4. HP: 23/39 MP: 4/4
  1667 | D:2      | HP: 1/39 [adder (1)]
  2211 | D:3      | Found an iron altar of Okawaru.
  2222 | D:3      | Became a worshipper of Warmaster Okawaru
  2240 | D:3      | Reached skill level 1 in Dodging
  2272 | D:3      | Reached skill level 6 in Axes
  2300 | D:3      | You fall into a shaft and drop 2 floors!
  2300 | D:5      | Entered Level 5 of the Dungeon
  2309 | D:5      | Noticed a scorpion
  2340 | D:4      | Noticed a necrophage
  2348 | D:4      | Killed a necrophage
  2349 | D:4      | Reached XP level 5. HP: 45/45 MP: 5/5
  2355 | D:4      | Noticed a kobold brigand
  2405 | D:4      | Reached skill level 7 in Axes
  2408 | D:4      | Killed a kobold brigand
  2409 | D:4      | Reached skill level 8 in Axes
  2409 | D:4      | Reached XP level 6. HP: 16/51 MP: 1/6
  2415 | D:4      | HP: 2/52 [poisoned by a kobold]
  2970 | D:3      | Reached * piety under Okawaru
  3463 | D:3      | Found a basalt altar of Yredelemnul.
  3599 | D:4      | Reached XP level 7. HP: 50/58 MP: 7/7
  3689 | D:4      | Reached skill level 9 in Axes
  4853 | D:5      | Reached XP level 8. HP: 46/67 MP: 4/8
  5086 | D:5      | Reached skill level 10 in Axes
  5086 | D:5      | Reached skill level 5 in Armour
  5834 | D:6      | Reached skill level 1 in Invocations
  6195 | D:6      | Reached skill level 5 in Fighting
  6537 | D:6      | Reached skill level 11 in Axes
  6777 | D:6      | Reached ** piety under Okawaru
  6814 | D:6      | Reached XP level 9. HP: 74/75 MP: 7/10
  7104 | D:6      | Found an opulent altar of Gozag.
  7580 | D:7      | Found a staircase to the Ecumenical Temple.
  7936 | D:7      | Reached skill level 12 in Axes
  7936 | D:7      | Reached skill level 5 in Shields
  8653 | D:8      | Reached *** piety under Okawaru
  8767 | D:8      | Found a hide-covered altar of Uskayaw.
  8791 | D:8      | Reached skill level 13 in Axes
  8972 | D:8      | Reached XP level 10. HP: 11/84 MP: 9/11
  9700 | D:8      | Identified the +9 rapier "Syox" {flame, Fly rElec SInv}
  9706 | D:8      | Noticed a manticore
  9715 | D:8      | Killed a manticore
 10265 | D:8      | Reached **** piety under Okawaru
 10406 | D:8      | Killed an unseen horror
 10975 | D:8      | Reached skill level 14 in Axes
 11743 | D:9      | Noticed a boulder beetle
 11785 | D:9      | Mangled by a boulder beetle

Illustrated notes

Levels and vault maps discovered:
D:1:      saegor_arrival_simple_b, layout_basic, ebering_ecumenical_altar_webs
D:2:      layout_loops_ring, basic_altar
D:3:      layout_loops_ring, lemuel_zombie_altar_yredelemnul,
          mainiacjoe_overflow_tiny_flanked, kennysheep_generic_room_11
D:4:      layout_basic, hex_large, dreamdust_princess_bridge
D:5:      layout_loops_cross, minmay_misc_feat_hallway,
          chequers_serial_rivers_micro_e
D:6:      layout_basic, grunt_gozag_breadcrumbs
D:7:      cheibrodos_quashed, layout_basic,
          minmay_temple_entry_statues_fountains, kennysheep_generic_room_10
D:8:      layout_basic, mainiacjoe_overflow_24_doors, minmay_diamond_spiral
D:9:      layout_roguey, lemuel_coloured_pillars_altar, nicolae_rejected_hall

Skill      XL: |  1  2  3  4  5  6  7  8  9 10 |
---------------+-------------------------------+-----
Axes           | 3 4 5 6 8 9 11 13 14 | 14.3
Dodging        | 1 |  1.0
Fighting       | 4 5 6 8 |  8.3
Armour         | 4 6 7 9 |  9.3
Shields        | 4 5 6 |  6.5
Invocations    | 1 2 3 |  3.1
Ice Magic      | |  0.3
Evocations     | |  0.6

Action                   |  1- 3 |  4- 6 |  7- 9 | 10-12 || total
-------------------------+-------+-------+-------+-------++-------
Melee: War axe           |    86 |   102 |   418 |   164 ||   770
Invok: Heroism           |       |       |    16 |     6 ||    22
       Finesse           |       |       |       |     2 ||     2
Evoke: Wand              |       |       |       |     5 ||     5
  Use: Scroll            |       |     4 |     5 |       ||     9
       Potion            |       |     1 |       |     5 ||     6
Armor: Scale mail        |    32 |    53 |    67 |       ||   152
       Chain mail        |       |       |   109 |    86 ||   195
Dodge: Dodged            |    29 |    48 |   166 |    86 ||   329
Block: Buckler           |    17 |    26 |   116 |    42 ||   201
